Map: [ESL] Data-C

Players

ByuN - Winner!

  • Race: Terran Terran
  • Spawn Location: 3:00

uThermal

  • Race: Terran Terran
  • Spawn Location: 9:00

Event: DreamHack SC2 Masters 2022 Valencia

VOD

Have the link to the VOD?

Description

Time

  • Played on: July 1, 2022, 3:57 p.m.
  • Length: 8:54

All games in this series

Show
View Real Time Build Order
Export as new Build Order

ByuN Terran - Winner!

Build Orders:  

Get SALT Encoding   

  12  0:00  SCV  
  13  0:12  SCV  
  14  0:17  Supply Depot  
  14  0:24  SCV  
  15  0:38  SCV  
  15  0:40  Barracks  
  16  0:43  Refinery  
  16  0:51  SCV  
  16  0:53  Refinery  
  17  1:03  SCV  
  18  1:15  SCV  
  19  1:27  Orbital Command, Reaper  
  20  1:34  Supply Depot  
  20  1:44  Factory  
  20  1:52  SCV  
  21  1:59  Reaper  
  22  2:05  SCV  
  23  2:17  SCV  
  24  2:28  Hellion  
  26  2:31  Command Center  
  26  2:33  Reaper  
  26  2:35  SCV  
  28  2:43  Supply Depot  
  28  2:48  SCV  
  28  2:50  Widow Mine  
  31  2:57  Starport  
  31  3:05  SCV, Barracks Reactor  
  32  3:12  Factory Tech Lab  
  32  3:17  SCV  
  33  3:24  Refinery  
  33  3:29  SCV  
  33  3:31  Cyclone  
  33  3:33  Starport Tech Lab  
  37  3:41  SCV  
  37  3:43  Orbital Command  
  37  3:47  Marine x2  
  40  3:51  Raven  
  40  3:53  SCV  
  43  3:57  Supply Depot  
  43  4:04  Siege Tank  
  43  4:06  Marine x2  
  49  4:10  SCV  
  49  4:13  SCV  
  47  4:22  SCV  
  45  4:25  SCV  
  40  4:35  SCV  
  41  4:43  SCV  
  41  4:45  Raven  
  44  4:47  SCV  
  45  4:55  SCV  
  45  4:59  SCV  
  47  5:03  Siege Tank  
  50  5:08  SCV  
  50  5:11  SCV  
  52  5:14  Marine x2  
  52  5:20  SCV  
  55  5:23  SCV  
  56  5:31  Raven  
  56  5:32  SCV, Marine x2  
  56  5:34  Supply Depot  
  61  5:35  SCV  
  62  5:45  Command Center  
  62  5:49  SCV x2, Siege Tank  
  67  5:50  Refinery  
  67  5:57  Marine x2  
  67  6:02  SCV x2  
  67  6:03  Supply Depot  
  69  6:14  SCV x2  
  71  6:24  Barracks  
  71  6:25  Viking, Barracks  
  73  6:26  Viking, SCV x2  
  77  6:32  Supply Depot  
  77  6:35  Marine  
  77  6:36  Siege Tank  
  77  6:38  SCV x2  
  83  6:46  Stimpack  
  83  6:50  SCV x2  
  83  6:53  Marine  
  86  6:55  Viking  
  86  6:56  Viking  
  90  7:02  SCV x2  
  90  7:06  Engineering Bay, Supply Depot  
  90  7:07  Engineering Bay  
  92  7:08  Siege Tank  
  92  7:14  SCV x2, Barracks Reactor  
  92  7:15  Barracks Reactor  
  97  7:20  Orbital Command  
  97  7:26  SCV x2  
  99  7:34  Viking x2  
  99  7:35  Marine  
  103  7:38  SCV x2, Supply Depot  
  103  7:40  Supply Depot  
  105  7:47  Siege Tank  
  105  7:50  SCV, Marine  
  105  7:51  Marine x2  
  112  7:52  Marine  
  112  7:55  SCV  
  112  7:58  SCV  
  112  8:06  Marine  
  112  8:08  Marine x2  
  112  8:09  Marine  
  112  8:10  Viking x2, Marine  
  121  8:14  SCV x3  
  121  8:19  Siege Tank  
  127  8:21  Barracks  
  127  8:22  Refinery  
  127  8:23  Refinery  
  127  8:24  Barracks, Marine  
  128  8:27  Sensor Tower  
  128  8:28  SCV x3  
  128  8:32  Marine x3  
  133  8:37  Supply Depot  
  133  8:38  Supply Depot  
Show
View Real Time Build Order
Export as new Build Order

uThermal Terran 

Build Orders: 1/1/1, Liberator Opening 

Get SALT Encoding   

  12  0:00  SCV  
  13  0:12  SCV  
  14  0:17  Supply Depot  
  14  0:24  SCV  
  14  0:28  Refinery  
  15  0:38  SCV  
  16  0:44  Barracks  
  16  0:51  SCV  
  17  0:57  Refinery  
  17  1:03  SCV  
  18  1:15  SCV  
  19  1:31  Orbital Command, Reaper  
  20  1:35  Factory  
  20  1:47  Supply Depot  
  20  1:57  SCV  
  21  2:04  Barracks Reactor  
  21  2:09  SCV  
  22  2:24  Hellion  
  22  2:25  SCV, Starport  
  25  2:32  Supply Depot  
  25  2:38  SCV  
  25  2:40  Reaper x2  
  28  2:45  Hellion  
  28  2:50  SCV  
  31  2:56  Supply Depot  
  31  3:00  Liberator  
  34  3:07  Hellion  
  34  3:12  Reaper x2  
  38  3:30  Hellion  
  40  3:36  Command Center  
  40  3:40  SCV  
  41  3:44  Starport Tech Lab  
  41  3:46  Marine x2  
  43  3:52  Refinery  
  43  3:53  Factory Tech Lab  
  43  3:56  SCV  
  44  4:03  Raven  
  44  4:08  Supply Depot  
  46  4:12  Marine  
  46  4:13  Marine  
  45  4:25  Siege Tank  
  45  4:30  SCV, Marine  
  37  4:31  Marine  
  38  4:42  SCV  
  39  4:49  Raven  
  39  4:50  Orbital Command  
  41  4:54  SCV  
  41  4:56  Marine  
  41  4:58  Marine  
  44  5:06  Cyclone  
  47  5:09  SCV  
  48  5:15  SCV  
  48  5:16  Marine  
  48  5:17  Marine  
  51  5:21  SCV  
  53  5:39  SCV, Siege Tank  
  55  5:43  Command Center  
  55  5:44  SCV  
  56  5:51  SCV  
  56  5:54  Viking x2  
  56  5:56  SCV  
  62  6:01  Supply Depot  
  62  6:03  SCV  
  62  6:05  Marine  
  62  6:08  SCV, Stimpack  
  64  6:12  Siege Tank  
  64  6:18  Supply Depot  
  67  6:22  Refinery, SCV x2  
  69  6:32  Viking, Supply Depot  
  69  6:39  Viking, SCV x2  
  74  6:45  Siege Tank  
  77  6:51  Supply Depot  
  77  6:52  SCV  
  77  6:53  Marine  
  77  6:54  SCV  
  80  6:57  Orbital Command  
  80  7:04  Viking, SCV  
  83  7:08  SCV  
  83  7:09  Viking  
  83  7:11  Marine  
  87  7:16  SCV  
  87  7:17  Siege Tank  
  87  7:20  SCV  
  92  7:28  Barracks  
  92  7:29  SCV  
  93  7:30  Barracks, Marine  
  93  7:33  Orbital Command, SCV  
  93  7:34  Viking  
  97  7:39  Viking  
  97  7:41  SCV  
  100  7:45  SCV  
  100  7:49  Siege Tank  
  104  7:53  Marine  
  104  7:55  SCV  
  104  7:57  SCV  
  106  7:59  Engineering Bay  
  106  8:01  SCV  
  106  8:02  Engineering Bay, Supply Depot  
  107  8:06  Viking  
  107  8:10  Supply Depot  
  109  8:19  Barracks Reactor  
  109  8:20  SCV, Barracks Reactor  
  109  8:23  Viking, SCV x2  
  116  8:28  Refinery  
  116  8:29  Refinery  
  116  8:32  SCV  
  117  8:35  SCV x2  
  117  8:39  Supply Depot  

Tags
 
Add a new tag
Caveats
  • Supply blocks, unpowered buildings, or Contaminate may cause inaccurate times.
  • Supply counts are checked every 10 seconds.